 Dungeon Crawl Stone Soup version 0.18.1-48-g4cf74bf (webtiles) character file.

67 Gargoyl the Skirmisher (level 4, -2/35 HPs)
             Began as a Demonspawn Abyssal Knight on Aug 27, 2016.
             Was a Believer of Lugonu.
             Killed from afar by Sigmund (6 damage)
             ... with a puff of flame
             ... on level 2 of the Dungeon.
             The game lasted 00:03:19 (1884 turns).

Gargoyl the Skirmisher (Demonspawn Abyssal Knight)  Turns: 1884, Time: 00:03:19

Health: -2/35      AC: 12    Str: 14    XL:     4   Next: 0%
Magic:  6/6        EV:  6    Int: 18    God:    Lugonu [**....]
Gold:   149        SH:  0    Dex: 12    Spells: 0 memorised, 3 levels left

rFire  . . .     SeeInvis .     a - +1 hand axe
rCold  . . .     Gourm    .     r - +0 chain mail
rNeg   . . .     Faith    .     (no shield)
rPois  .         Spirit   .     d - +0 helmet
rElec  .         Dismiss  .     (no cloak)
rCorr  .         Reflect  .     (no gloves)
SustAt .         Harm     .     k - +0 pair of boots
MR     +....                    (no amulet)
Stlth  ..........               (no ring)
                                i - ring of protection from magic

@: brilliant, somewhat resistant to hostile enchantments, extremely unstealthy
A: hooves 2, icy blue scales 1, blink
a: Blink, Depart the Abyss, Bend Space, Renounce Religion


You were on level 2 of the Dungeon.
You worshipped Lugonu.
Lugonu was pleased with you.
You were hungry.

You visited 1 branch of the dungeon, and saw 2 of its levels.
You visited the Abyss 1 time.

You collected 149 gold pieces.

Inventory:

Hand Weapons
 a - a +1 hand axe (weapon)
Armour
 d - a +0 helmet (worn)
 k - a +0 pair of boots (worn)
 r - a +0 chain mail (worn)
Jewellery
 i - a ring of protection from magic (left hand)
Scrolls
 e - a scroll of amnesia {unknown}
 f - 6 scrolls of identify {unknown}
 g - a scroll of enchant armour {unknown}
 h - a scroll of recharging {unknown}
 o - a scroll of immolation {unknown}
 q - a scroll of teleportation {unknown}
Comestibles
 b - 2 meat rations
 c - 2 bread rations
 n - 2 slices of pizza
 p - a beef jerky
 s - 2 chunks of flesh


   Skills:
 + Level 3.5 Fighting
 + Level 2.2 Axes
 * Level 2.2 Armour
 + Level 1.6 Dodging
 + Level 0.6 Stealth
 + Level 2.9 Invocations


You had 3 spell levels left.
You didn't know any spells.

Dungeon Overview and Level Annotations

Branches:
Dungeon (2/15)

Altars:

Annotations:
D:2 Sigmund


Innate Abilities, Weirdness & Mutations

You have hoof-like feet.
You are partially covered in icy blue scales (AC +1).
You can translocate small distances at will.


Message History

You closely miss something. Something hits you but does no damage.
You miss something. You closely miss something.
Something hits you but does no damage.
Your chain mail prevents you from hitting something.
Something hits you.
You hit something. Something hits you!
* * * LOW HITPOINT WARNING * * *
You barely miss something. Something hits you.
* * * LOW HITPOINT WARNING * * *
You closely miss something.
Your chain mail prevents you from hitting something.
You hear a zap.
Something tries to affect you, but you resist.
Read which item? (? for menu, Esc to quit)
Okay, then.
You barely miss something.
You hear some strange, mumbled words.
A puff of flame appears from out of thin air!
The puff of flame hits you!
You die...

#####.# #..
#.....# #..
#.##### #.. #.#
#.. #.# #.. #.#
#..
#.#############
#..
#.............#
#..
#############@#
#.. #{# ### #.#
#.# # #.# #.#
#.# ..#


There were no monsters in sight!

Vanquished Creatures
  An adder (D:2)
  An ooze (D:1)
  A worm (D:2)
  4 dart slugs (D:1)
  A giant gecko (D:1)
  A ball python (D:1)
  A bat (D:1)
  3 giant cockroaches
  2 goblins
  9 hobgoblins
  2 jackals (D:1)
  8 kobolds
  A quokka (D:2)
  2 giant newts (D:1)
  3 rats (D:1)
40 creatures vanquished.

Notes
Turn   | Place    | Note
--------------------------------------------------------------
     0 | Abyss:1  | Gargoyl the Demonspawn Abyssal Knight began the quest for the Orb.
     0 | Abyss:1  | Reached XP level 1. HP: 18/18 MP: 2/2
   103 | Abyss:1  | Noticed a wraith
   109 | D:1      | Escaped the Abyss
   160 | D:1      | Reached skill level 1 in Dodging
   241 | D:1      | Gained mutation: You have large cloven feet. [demonic ancestry]
   241 | D:1      | Reached XP level 2. HP: 24/24 MP: 3/3
   367 | D:1      | Reached * piety under Lugonu
   921 | D:1      | Gained mutation: You are partially covered in icy blue scales (AC +1). [demonic ancestry]
   921 | D:1      | Reached XP level 3. HP: 24/29 MP: 5/5
  1324 | D:2      | Reached ** piety under Lugonu
  1685 | D:2      | Gained mutation: You have hoof-like feet. [demonic ancestry]
  1685 | D:2      | Reached XP level 4. HP: 22/35 MP: 6/6
  1854 | D:2      | Noticed Sigmund
  1872 | D:2      | Gained mutation: Your system is resistant to poisons. [potion of mutation]
  1872 | D:2      | Gained mutation: You can translocate small distances at will. [potion of mutation]
  1872 | D:2      | Lost mutation: Your system is resistant to poisons. [potion of mutation]
  1884 | D:2      | Killed from afar by Sigmund

Skill      XL: |  1  2 |
---------------+-------+-----
Dodging        | 1 |  1.6
Axes           | 2 |  2.2
Armour         | 2 |  2.2
Fighting       | |  3.5
Stealth        | |  0.6
Invocations    | |  2.9

Action                   |  1- 3 |  4- 6 || total
-------------------------+-------+-------++-------
Melee: Hand axe          |   132 |    25 ||   157
       Kick              |     8 |       ||     8
Invok: Depart the Abyss  |     1 |       ||     1
  Use: Potion            |     1 |     3 ||     4
  Eat: Chunk             |     3 |       ||     3
Armor: Leather armour    |    25 |       ||    25
       Ring mail         |    24 |       ||    24
       Chain mail        |     3 |     7 ||    10
Dodge: Dodged            |    80 |     1 ||    81
